 Dungeon Crawl Stone Soup version 0.31-a0-182-gc5ef74bbde (webtiles) character file.

Game seed: 18134744752504908210

78 lunkers the Ruffian (level 4, 0/38 HPs)
             Began as a Meteoran Fighter on June 21, 2023.
             Slain by a goblin
             ... wielding a +0 hand axe
             ... led by Robin
              (1 damage)
             ... on level 3 of the Dungeon.
             The game lasted 00:03:00 (620 turns).

lunkers the Ruffian (Meteoran Fighter)               Turns: 620, Time: 00:03:01

Health: 0/38       AC:  6    Str: 20    XL:     4   Next: 93%
Magic:  5/5        EV:  9    Int:  9    God:
Gold:   59         SH:  5    Dex: 13    Spells: 3/3 levels left

rFire   . .          .
                       - Unarmed
rCold   . . .        b - +0 buckler
rNeg    . . .        a - +0 scale mail
rPois   .            (no helmet)
rElec   .            (no cloak)
rCorr   .            (no gloves)
SInv    .            (no boots)
Will    .....        d - amulet of the acrobat Stlth
                     h - ring of flight
HPRegen 0.26/turn    (no ring)
MPRegen 0.09/turn

%: acrobat
@: mighty, flying, glowing
A: sense surroundings 1, otherworldly, glowing, explore regen
a: no special abilities


You were on level 3 of the Dungeon.
You visited 1 branch of the dungeon, and saw 3 of its levels.

You collected 59 gold pieces.

Inventory:

Armour
 a - a +0 scale mail (worn)
 b - a +0 buckler (worn)
Jewellery
 d - an amulet of the acrobat (around neck)
 h - a ring of flight (left hand)
Scrolls
 e - 2 scrolls of poison {unknown}
 j - a scroll of identify {unknown}
 l - a scroll of enchant weapon {unknown}
Potions
 f - 2 potions of curing {unknown}
 g - a potion of cancellation {unknown}
 i - a potion of heal wounds {unknown}
 k - a potion of attraction {unknown}


   Skills:
 - Level 3.2 Fighting
 - Level 3.6 Armour
 - Level 3.6 Shields
 + Level 5.4 Unarmed Combat


You had 3 spell levels left.
You didn't know any spells.
Your spell library contained the following spells:

 Spells                   Type           Power      Damage    Failure   Level
 Shock                    Conj/Air       0%         1d3       80%         1
 Summon Guardian Golem    Hex/Summ       0%         N/A       99%         3
 Swiftness                Air            0%         N/A       99%         3
 Airstrike                Air            0%         2d(0-16)  100%        4
 Orb of Destruction       Conj           0%         9d5       100%        7
 Spellforged Servitor     Conj/Summ      0%         N/A       100%        7


Dungeon Overview and Level Annotations

Branches:
Dungeon (3/15) Zot: 1185

Altars:

Shops:
D:3 [

Annotations:
D:3 Ijyb, Robin


Innate Abilities, Weirdness & Mutations

You passively map a small area around you.
You are easily found by Zot.
You glow in the dark.
You regain HP and MP as you explore.


Message History

The goblin goes into a battle-frenzy!
You hear a shout! x2
Unknown command.
You pummel the goblin!!
You kill the goblin!
You punch the goblin!
You kill the goblin!
A hobgoblin comes into view. It is wielding a +0 dagger.
You closely miss Ijyb.
Ijyb no longer looks unusually strong.
Ijyb closely misses you.
You barely miss Ijyb.
The goblin no longer looks unusually strong.
Ijyb hits you with a +0 dagger.
* * * LOW HITPOINT WARNING * * *
You hit Ijyb.
Ijyb is lightly wounded.
Robin throws the goblin at you!
* * * LOW HITPOINT WARNING * * *
Ijyb hits you but does no damage.
You closely miss the goblin.
The hobgoblin no longer looks unusually strong.
A goblin comes into view. It is wielding a +0 club.
The goblin hits you with a +0 hand axe.
* * * LOW HITPOINT WARNING * * *
Ijyb hits you with a +0 dagger.
* * * LOW HITPOINT WARNING * * *
You closely miss the goblin. Ijyb misses you.
The goblin hits you with a +0 hand axe.
* * * LOW HITPOINT WARNING * * *
Robin closely misses you.
You closely miss the goblin. The goblin hits you with a +0 hand axe.
* * * LOW HITPOINT WARNING * * *
Ijyb barely misses you.
You hit Ijyb but do no damage.
Ijyb is lightly wounded.
The goblin no longer looks unusually strong.
Ijyb hits you with a +0 dagger.
* * * LOW HITPOINT WARNING * * *
The goblin hits you with a +0 hand axe.
You die...

###)#######,
,
#....>....#
~
#.#..####.#
#.##.####.#
~ *
#.##......#
#.#########
~ #.# #.. *
, #.# #g#
#.# #@# , *
#.# #g# ,
#.# #g# *
#.#####g###
,
#...†.)g..#
#####.###)#
,,.gg# .#, ,
* ##..#* # *
* #gg. , *


You could see Ijyb, Robin, a hobgoblin and 2 goblins.

Vanquished Creatures
  3 gnolls (D:2)
  A worm (D:2)
  2 dart slugs
  3 endoplasms
  4 giant cockroaches
  A hobgoblin (D:2)
  4 kobolds
  3 quokkas
  3 ball pythons (D:2)
  5 bats
  7 goblins
  3 rats (D:2)
39 creatures vanquished.

Vanquished Creatures (others)
  A goblin (D:3)
1 creature vanquished.

Grand Total: 40 creatures vanquished

Notes
Turn   | Place    | Note
-------+----------+-------------------------------------------
     0 | D:1      | lunkers the Meteoran Fighter began the quest for the Orb.
     0 | D:1      | Reached XP level 1. HP: 19/19 MP: 2/2
   144 | D:1      | Reached skill level 3 in Unarmed Combat
   144 | D:1      | Reached XP level 2. HP: 23/26 MP: 3/3
   252 | D:2      | Reached XP level 3. HP: 31/31 MP: 4/4
   308 | D:2      | Reached skill level 4 in Unarmed Combat
   540 | D:2      | Reached XP level 4. HP: 27/38 MP: 5/5
   543 | D:2      | Reached skill level 5 in Unarmed Combat
   549 | D:3      | Found Qouph's Armour Shop.
   590 | D:3      | Noticed Robin
   592 | D:3      | Noticed Ijyb
   620 | D:3      | HP: 1/38 [Ijyb/+0 dagger (1)]
   620 | D:3      | Slain by a goblin

Illustrated notes

Levels and vault maps discovered:
D:1:      heliophobic_arrival_enchanted_forest, layout_basic
D:2:      kennysheep_big_flooded_room, layout_basic, minmay_octomino_c4
D:3:      wad_lake_hut, layout_loops_ring, serial_shops, shop,
          portal_sewer_entry_c, due_unseen_surprise, uniq_natasha, uniq_robin,
          uniq_ijyb

Skill      XL: |  1  2  3  4 |
---------------+-------------+-----
Unarmed Combat | 3 4 5 |  5.4
Fighting       | |  3.2
Armour         | |  3.6
Shields        | |  3.6

Action                     |  1- 3 |  4- 6 || total
---------------------------+-------+-------++-------
  Melee: Unarmed           |    96 |    35 ||   131
    Use: Potion            |       |     1 ||     1
 Armour: Scale mail        |    25 |    10 ||    35
  Dodge: Dodged            |    43 |    17 ||    60
  Block: Buckler           |    13 |     5 ||    18

Table legend: (Time is in decaauts)
 A = Elapsed time spent in this place.
 B = Non-inter-level travel time spent in this place.
 C = Inter-level travel time spent in this place.
 D = Time resting spent in this place.
 E = Time spent auto-exploring this place.
 F = Levels seen in this place.
 G = Mean time per level.
                   A        B        C        D        E       F      G
               +--------+--------+--------+--------+--------+-----+--------+
         Total |    613 |    613 |      0 |      0 |    367 |   3 |  204.3 |
       Dungeon |    613 |    613 |      0 |      0 |    367 |   3 |  204.3 |
               +--------+--------+--------+--------+--------+-----+--------+

Top non-repeatable levels by time:
     D:2: 341 daAuts
     D:1: 203 daAuts
     D:3: 69 daAuts
